 Dungeon Crawl Stone Soup version 0.28-a0-479-g5baa6b73be (webtiles) character file.

Game seed: 12656058597046878604

2878 Sargento the Carver (level 9, -1/123 HPs)
             Began as a Minotaur Berserker on Sept 18, 2021.
             Was a Priest of Trog.
             Blown up by Maurice (14 damage)
             ... with a mindburst bolt
             ... on level 7 of the Dungeon.
             The game lasted 00:40:57 (7827 turns).

Sargento the Carver (Minotaur Berserker)            Turns: 7827, Time: 00:40:59

Health: -1/123     AC: 10    Str: 22    XL:     9   Next: 48%
Magic:  8/8        EV: 11    Int:  4    God:    Trog [***...]
Gold:   0          SH: 15    Dex: 25    Spells: 8/8 levels left

rFire   . . .      SeeInvis .   j - +0 long sword
rCold   . . .      Faith    .   R - +0 kite shield
rNeg    . . .      Spirit   .   c - +0 chain mail
rPois   .          Reflect  +   (helmet restricted)
rElec   .          Harm     .   (no cloak)
rCorr   .          Rampage  .   (no gloves)
Will    .....                   (no boots)
Stlth   ..........              k - amulet of reflection
HPRegen 0.30/turn               S - +6 ring of dexterity
MPRegen 0.11/turn               M - +6 ring of dexterity

@: berserking, very quick
A: horns 2, retaliatory headbutt
a: Renounce Religion, Berserk, Trog's Hand


You were on level 7 of the Dungeon.
You worshipped Trog.
Trog was most pleased with you.
You visited 1 branch of the dungeon, and saw 8 of its levels.
You also visited: Sewer.


Innate Abilities, Weirdness & Mutations

You have a pair of horns on your head.
You reflexively headbutt those who attack you in melee.


   Skills:
 + Level 8.6 Fighting
 + Level 8.6 Long Blades
 + Level 8.2 Armour
 + Level 7.4 Dodging
 + Level 1.9 Shields


You had 8 spell levels left.
You didn't know any spells.
Your spell library was empty.

Inventory:

Hand Weapons
 a - a +0 falchion
 j - a +0 long sword (weapon)
   (You found it on level 1 of the Dungeon)
 B - a +2 flail of holy wrath
   (You took it off Edmund on level 4 of the Dungeon)
Armour
 b - a +0 animal skin
 c - a +0 chain mail (worn)
   (You found it on level 1 of the Dungeon)
 d - a +0 ring mail
   (You found it on level 1 of the Dungeon)
 y - a +0 helmet
   (You took it off Robin on level 4 of the Dungeon)
 C - a +0 cloak
   (You took it off Crazy Yiuf on level 5 of the Dungeon)
 E - a +0 ring mail of fire resistance
   (You took it off Ijyb on level 5 of the Dungeon)
 H - a +0 helmet
   (You found it on level 5 of the Dungeon)
 O - a +0 cloak
   (You found it on level 6 of the Dungeon)
 R - a +0 kite shield (worn)
   (You took it off a gnoll on level 7 of the Dungeon)
Jewellery
 k - an amulet of reflection (around neck)
   (You found it on level 2 of the Dungeon)
 o - a ring of fire {rF+, rC-}
   (You found it on level 2 of the Dungeon)
 F - a ring of flight {+Fly, !d}
   (You found it on level 1 of the Dungeon)
 M - a +6 ring of dexterity (right hand)
   (You found it on level 6 of the Dungeon)
 S - a +6 ring of dexterity (left hand)
   (You found it on level 7 of the Dungeon)
Wands
 r - a wand of digging (1)
   (You took it off Sigmund on level 3 of the Dungeon)
 z - a wand of flame (8)
   (You found it on level 4 of the Dungeon)
 A - a wand of polymorph (7)
   (You found it on level 4 of the Dungeon)
 G - a wand of charming (7)
   (You found it on level 5 of the Dungeon)
 N - a wand of iceblast (9)
   (You found it on level 6 of the Dungeon)
 Q - a wand of paralysis (7)
   (You found it on level 6 of the Dungeon)
Scrolls
 e - 2 scrolls of fog {!r, unknown}
 f - 2 scrolls of identify {!r}
 i - 2 scrolls of brand weapon {!r}
 p - a scroll of blinking {!r, unknown}
 s - a scroll of torment {!r, unknown}
 t - 4 scrolls of teleportation {!r}
 K - a scroll of enchant weapon {!r, unknown}
 L - a scroll of immolation {!r, unknown}
 T - a scroll of magic mapping {!r}
Potions
 g - a potion of magic
 h - 3 potions of curing
 l - 2 potions of lignification {!q}
 m - 2 potions of mutation {!q}
 n - 7 potions of degeneration {!q}
 u - a potion of flight {unknown}
 v - 2 potions of invisibility {unknown}
 w - a potion of might {unknown}
 D - 2 potions of cancellation {unknown}
 J - a potion of ambrosia {unknown}
 P - a potion of attraction {unknown}

Dungeon Overview and Level Annotations

Branches:
Dungeon (8/15)             Temple (0/1) D:5            Lair (0/6) D:8
  Sewer (visited)

Altars:
Gozag
Makhleb
Zin

Annotations:
D:7 Maurice

######.###.#.##.##.
#.@[>[..<..#.##.##.
#{####.###.........
#.# #.# #.#.##.##.
#.# #.# #.#.......
#.# #)# #.#.......
#.# #.###.##.#.##.
#.# #....))....##.
#.########)##.#####
#...# ####.##.#
###.# #.......# #.#
#.##.#### #.#
#.##.# #.# #.##.#
#.# #.##.#
######### #.#
#.##.# ........#
#.# #.##.#


There were no monsters in sight!


Message History

Nay target in view!!!
T - a scroll o' magic mappin' {!!.r} Ye see 'ere a +0 short sword!
Ye see 'ere a +0 short sword!
Items 'ere: ))) †!
Ye see 'ere a +0 vorpal trident!
Ye see 'ere a rin' o' wizardry {wiz+, !!.butt}!
Done 'splorin'!
Thar be a stone staircase leadin' up 'ere!
Ye see 'ere 17 arrows!
Thar be a stone staircase leadin' up 'ere!
Items 'ere: )))) [!
Ye see 'ere a +0 butt!
Thar be a stone staircase leadin' down 'ere!
Ye butt downwards!
Found a stone staircase leadin' up!
Thar be a stone staircase leadin' up 'ere!
A wight be nearby!!!
Yer skin crawls!
Ye feel strong-willed!
Found a staircase ta tha Lair!
Ye op'n tha wight like a pillowcase!
Ye headbutt tha wight!!!
Tha wight be heavily damaged!
Tha wight barely misses ye!
Ye furiously retaliate!!!
Ye headbutt tha wight, but do nay damage!
Ye barely miss tha wight!
Ye headbutt tha wight!
Tha wight be almost destroyed!
Ye block tha wight's attack!
Ye closely miss tha wight!
Yer headbutt misses tha wight!
Tha wight be almost destroyed!
Ye block tha wight's attack!
Ye slice tha wight like a ripe choko!!!
Ye destroy tha wight!!!
Maurice tha Thief butts inta view! 'e be wieldin' a +0 dagger an' carryin' a wand o' mindburst (16)!
Maurice shouts!!!
A wight comes inta view!
It be wieldin' a +0 war axe!
Maurice moves outta view!
Thin's tha be 'ere: a +0 flail; a +0 robe Thar be a stone staircase leadin' up 'ere!
Yer library has nay spells!
Ye climb upwards!
Thar be a stone staircase leadin' down 'ere!
Done 'splorin'!
Ye climb downwards!
Level annotation: Maurice Maurice gestures wildly while chantin'!
Maurice flickers an' vanishes!!!
Deactivatin' autopickup; reactivate wit' Ctrl-A!
A wight comes inta view!
It be wieldin' a +4 spear o' freezin'!
A wight comes inta view!
It be wieldin' a +0 falchion!
Thar be a stone staircase leadin' up 'ere!
Ye chop tha wight inta pieces!
Tha wight be lightly damaged!
Tha wight barely misses ye!
Ye closely miss tha wight!
Ye headbutt tha wight, but do nay damage!
Tha wight be lightly damaged!
Tha wight hits ye but does nay damage!
Ye cut tha wight inta ribbons!
Ye headbutt tha wight, but do nay damage!
Tha wight be moderately damaged!
Tha wight barely misses ye!
Somethin' drops a +0 dagger!
Somethin' picks up a +0 flail!
Tha wight hits ye wit' a +0 war axe!
Ye feel drain'd!
Damage: -5%(-4hp) hp: 97%(78hp) Yer library has nay spells!
Ye block tha wight's attack!
Ye butt upwards!
Reactivatin' autopickup!
Thar be a stone staircase leadin' down 'ere!
Ye completely miss tha wight!
Ye headbutt tha wight!
Tha wight be severely damaged!
Tha wight closely misses ye!
Ye cut tha wight inta ribbons!
Ye headbutt tha wight!
Ye destroy tha wight!!!
Yer life force feels restored!
Thin's tha be 'ere: a +0 war axe; a +0 robe Thar be a stone staircase leadin' down 'ere!
Ye cannae go up 'ere!!!
Ye climb downwards!
Level annotation: Maurice Ye feel tha effects o' Trog's Hand fadin'!
Ye block tha wight's attack!
Tha wight hits ye but does nay damage!
Thar be a stone staircase butt up 'ere!
Tha wight barely misses ye!
Ye furiously retaliate!!!
Ye headbutt tha wight!
Tha wight completely misses ye!
Ye climb upwards!
Thar be a stone staircase leadin' down 'ere!
Ye carve tha wight but do nay damage!
Tha wight be moderately damaged!
Tha wight misses ye!
Tha wight hits ye wit' a +0 falchion!
Ye feel drain'd!
Damage: -8%(-6hp) hp: 95%(76hp) Ye carve tha wight but do nay damage!
Tha wight be moderately damaged!
Tha wight hits ye wit' a +0 falchion!
Damage: -2%(-2hp) hp: 93%(74hp) Ye chop tha wight inta pieces!
Ye headbutt tha wight!
Tha wight be butt destroyed!
Yer skin stops crawlin'!
Ye feel less strong-willed!
Ye block tha wight's attack!
Ye barely miss tha wight!
Yer headbutt misses tha wight!
Tha wight be severely damaged!
Tha wight closely misses ye!
Ye chop tha wight inta pieces!!!
Ye destroy tha wight!!!
Yer life force feels restored!
Thin's tha be 'ere: a +0 falchion; a +0 robe Thar be a stone staircase leadin' down, spatt'red wit' blood 'ere!
Ye start restin'!
HP restored!
Ye cannae go up 'ere!!!
Ye climb downwards!
Level annotation: Maurice Maurice says, "Haf ye got some gold ta spare?"
Maurice mumbles some strange words!
Maurice flickers an' vanishes!!!
Deactivatin' autopickup; reactivate wit' Ctrl-A!
Thar be a stone staircase leadin' up 'ere!
Yer shield an' chain mail prevent ye from hittin' somethin'!
Yer headbutt misses somethin'!
Somethin' hits ye but does nay damage!
Ye hear a zap!
Yer mind be blasted!!!
Damage: -8%(-7hp) hp: 92%(75hp) Ye miss somethin'!
Yer headbutt misses somethin'!
Ye hear a zap!
Yer mind be blasted!!!
Huge Dmg: -20%(-16hp) hp: 72%(59hp) Ye miss somethin'!
Yer headbutt misses somethin'!
Ye block tha wight's attack!
Somethin' hits ye!
* * * LOW HITPOINT WARNIN'
* * * Somethin' steals yer 2 scrolls labelled OWKIAH WISS {!!.r}!!!
Damage: -3%(-3hp) hp: 69%(56hp) Ye slice somethin' like a ripe choko!
Ye headbutt somethin'!
Ye block tha wight's attack!
Somethin' hits ye!!!
* * * LOW HITPOINT WARNIN'
* * * Somethin' steals tha +7 spear o' Tension {distort, Str+5 Dex+2}!!!
Ye block tha wight's attack!
Damage: -9%(-7hp) hp: 60%(49hp) Ye block somethin''s attack!
Tha wight hits ye from afar wit' a +4 spear o' freezin'!
* * * LOW HITPOINT WARNIN'
* * * Tha wight freezes butt!
* * * LOW HITPOINT WARNIN'
* * * Ye climb upwards!
Reactivatin' autopickup!
Thar be a stone staircase leadin' down, butt wit' blood 'ere!
Damage: -5%(-4hp) hp: 55%(45hp) Ye hear a zap!
Deactivatin' autopickup; reactivate wit' Ctrl-A!
Somethin' tries ta affect ye, but ye resist!
Ye miss somethin'!
Somethin' hits ye!
* * * LOW HITPOINT WARNIN'
* * * Somethin' steals 4 o' yer 7 potions o' curin'!!!
Damage: -7%(-6hp) hp: 48%(39hp) Ye miss somethin'!
Ye hear a zap!
Yer mind be blasted!!!
* * * LOW HITPOINT WARNIN'
* * * Somethin' hits ye!
* * * LOW HITPOINT WARNIN'
* * * Somethin' steals yer rin' o' see invisible {sInv, !!.d}!!!
Huge Dmg: -21%(-17hp) hp: 27%(22hp) Ye cut somethin' inta ribbons!
Yer headbutt misses somethin'!
Somethin' hits ye but does nay butt!
Ye carve somethin' but do nay damage!
Ye headbutt somethin'!!!
Somethin' hits ye!
* * * LOW HITPOINT WARNIN'
* * * Somethin' steals 373 gold pieces!!!
Ye now haf 0 gold pieces!
Huge Dmg: -7%(-6hp) hp: 20%(16hp) Ye completely miss somethin'!
Ye headbutt somethin'!
Somethin' hits ye but does nay damage!
Ye closely miss somethin'!
Yer headbutt misses somethin'!
Somethin' hits ye!
* * * LOW HITPOINT WARNIN'
* * * Somethin' grunts, "Curses!!!"
Ye hear some strange, mumbled words!
Somethin' hits ye!
* * * LOW HITPOINT WARNIN'
* * * Somethin' mutters, "Now where did ye hide it?"
Ye hear some strange, mumbled words!
Huge Dmg: -11%(-9hp) hp: 10%(8hp)
A butt film seems ta co'er yer vision as ye go berserk!!!
Ye feel yerself movin' faster!!!
Ye feel mighty!!!
Ye hear a zap!
Somethin' tries ta affect ye, but ye resist!
Unknown command!
Ye feel a strong urge ta attack somethin'!
Thin's tha be 'ere: a +0 robe; a +0 falchion Ye hear a zap!
Yer mind be blasted!!!
Ye die!!!

Levels and vault maps discovered:
D:1:      sevenhm_arrival_forest_fort_large_2, layout_basic,
          dreamdust_ecumenical_altar_hidden_monk_grotto, minmay_domino_4
D:2:      layout_basic
D:3:      layout_basic, uniq_sigmund, uniq_natasha
D:4:      layout_loops_ring, serial_forest, infiniplex_forest_clump_tiny,
          infiniplex_forest_zigzag_2, infiniplex_forest_lined_1,
          infiniplex_forest_straight_2, infiniplex_forest_end_2,
          gup_sewer_entry_bowl, st_stairs_10, uniq_edmund, uniq_robin,
          uniq_duvessa, uniq_blork_the_orc
D:5:      layout_basic, minmay_temple_entry_grid, serial_curves, eino_curves_03,
          eino_curves_04, minmay_crystal_water, uniq_ijyb,
          uniq_crazy_yiuf_cottage
D:6:      layout_rooms, grunt_temple_overflow_order_and_chaos_2,
          kennysheep_little_box, kennysheep_another_room, uniq_menkaure
D:7:      layout_loops_ring, enter_bailey_7
D:8:      layout_layer_cave, grunt_temple_overflow_open, dpeg_oklobed_lair,
          serial_shops, kennysheep_mini, st_stairs_3, uniq_maurice

Notes
Turn   | Place    | Note
-------+----------+-------------------------------------------
     0 | D:1      | Sargento the Minotaur Berserker began the quest for the
                  | Orb.
     0 | D:1      | Reached XP level 1. HP: 19/19 MP: 0/0
   277 | D:1      | Reached XP level 2. HP: 27/27 MP: 1/1
   532 | D:1      | Found a faded altar of an unknown god.
   623 | D:1      | Reached ** piety under Trog
   624 | D:1      | Reached XP level 3. HP: 33/33 MP: 2/2
  1837 | D:3      | Reached XP level 4. HP: 40/40 MP: 3/3
  1877 | D:3      | Noticed a necrophage
  1906 | D:3      | Killed a necrophage
  1907 | D:3      | Reached XP level 5. HP: 47/47 MP: 4/4
  2015 | D:3      | Noticed Natasha
  2027 | D:3      | Killed Natasha
  2112 | D:3      | Noticed Natasha
  2116 | D:3      | Killed Natasha
  2117 | D:3      | Reached skill level 5 in Long Blades
  2139 | D:3      | Noticed Natasha
  2147 | D:3      | Killed Natasha
  2148 | D:3      | Reached skill level 5 in Fighting
  2352 | D:3      | Reached XP level 6. HP: 56/56 MP: 5/5
  2508 | D:3      | Noticed Sigmund
  2517 | D:3      | Killed Sigmund
  2692 | D:4      | Reached skill level 5 in Armour
  2692 | D:4      | Reached XP level 7. HP: 49/62 MP: 6/6
  2716 | D:4      | Found a glowing drain.
  2720 | Sewer    | Entered a sewer
  2779 | Sewer    | Noticed Purgy
  2792 | Sewer    | Killed Purgy
  2942 | Sewer    | Identified the +7 spear of Tension {distort, Str+5 Dex+2}
  2971 | D:4      | Noticed Robin
  2987 | D:4      | Killed Robin
  2988 | D:4      | Reached *** piety under Trog
  3104 | D:4      | Reached skill level 5 in Dodging
  3159 | D:4      | Noticed Edmund
  3165 | D:4      | Killed Edmund
  3448 | D:4      | Noticed Dowan
  3452 | D:4      | Noticed Duvessa
  3457 | D:4      | Killed Dowan
  3463 | D:4      | Killed Duvessa
  3464 | D:4      | Reached XP level 8. HP: 71/71 MP: 7/7
  3479 | D:4      | Noticed Blork the orc
  3495 | D:4      | Killed Blork the orc
  3979 | D:5      | Entered Level 5 of the Dungeon
  4800 | D:5      | Found a runed translucent door.
  4801 | D:5      | Noticed Crazy Yiuf
  4806 | D:5      | Killed Crazy Yiuf
  4907 | D:5      | Noticed Ijyb
  4946 | D:5      | Killed Ijyb
  5444 | D:5      | Found a staircase to the Ecumenical Temple.
  5796 | D:6      | Found an opulent altar of Gozag.
  5839 | D:6      | Found a burning altar of Makhleb.
  5843 | D:6      | Found a glowing silver altar of Zin.
  5843 | D:6      | Noticed an angel
  5848 | D:6      | Reached XP level 9. HP: 80/81 MP: 8/8
  5850 | D:6      | Noticed an Executioner
  5913 | D:6      | Noticed Menkaure
  5933 | D:6      | Killed Menkaure
  7276 | D:7      | Reached skill level 1 in Shields
  7750 | D:8      | Found a staircase to the Lair.
  7755 | D:8      | Noticed Maurice
  7827 | D:7      | Blown up by Maurice

Vanquished Creatures
  Sigmund (D:3)
  Menkaure (D:6)
  Edmund (D:4)
  Duvessa (D:4)
  A water moccasin (D:5)
  Purgy (Sewer)
  4 ogres
  A necrophage (D:3)
  2 phantoms
  Blork the orc (D:4)
  2 bullfrogs (D:7)
  A gnoll sergeant (D:7)
  2 scorpions (D:5)
  A water moccasin zombie (D:5)
  Dowan (D:4)
  3 killer bees (D:7)
  3 wights
  A howler monkey (D:5)
  2 iguanas
  4 orc priests
  3 jellies
  Crazy Yiuf (D:5)
  Ijyb (D:5)
  Natasha (thrice) (D:3)
  6 orc wizards
  Robin (D:4)
  A howler monkey skeleton (D:7)
  8 adders
  8 gnolls
  A river rat (D:4)
  A white imp (D:5)
  An ufetubus (D:7)
  An adder skeleton (D:4)
  A worm (D:3)
  2 dart slugs
  9 orcs
  6 bats
  3 endoplasms
  6 giant cockroaches
  12 goblins
  12 hobgoblins
  6 kobolds
  2 quokkas
  3 ball pythons
  5 frilled lizards
  8 rats
145 creatures vanquished.

Vanquished Creatures (others)
  An orc (D:5)
  2 goblins (D:4)
3 creatures vanquished.

Grand Total: 148 creatures vanquished

Action                   |  1- 3 |  4- 6 |  7- 9 || total
-------------------------+-------+-------+-------++-------
Melee: Falchion          |    37 |       |       ||    37
       Headbutt          |     6 |    10 |    65 ||    81
       Long sword        |    31 |    66 |   291 ||   388
Invok: Berserk           |       |     1 |     5 ||     6
       Trog's Hand       |       |     1 |     6 ||     7
  Use: Scroll            |     3 |     2 |     3 ||     8
Armor: Ring mail         |    27 |       |       ||    27
       Chain mail        |     4 |    31 |    83 ||   118
Dodge: Dodged            |    42 |    19 |   126 ||   187
Block: Other             |     2 |    19 |    67 ||    88
       Reflection        |       |       |     3 ||     3
       Kite shield       |       |       |    20 ||    20
